 Dungeon Crawl Stone Soup version 0.28-a0-895-g6e5f11bd55 (webtiles) character file.

Game seed: 4519295888791961014

2481 Twinkles the Ducker (level 9, 0/65 HPs)
             Began as a Djinni Fire Elementalist on Nov 22, 2021.
             Was a Follower of Makhleb.
             Slain by a hornet (7 damage)
             ... on level 7 of the Dungeon.
             The game lasted 00:57:22 (12279 turns).

Twinkles the Ducker (Djinni Fire Elementalist)     Turns: 12279, Time: 00:57:23

Health: 0/65       AC:  8    Str:  9    XL:     9   Next: 81%
Gold:   252        EV: 14    Int: 17    God:    Makhleb [*.....] SH:  0 Dex: 15

rFire   + + +      SeeInvis +   m - +3 dagger
rCold   x . .      Faith    .   (no shield)
rNeg    . . .      Spirit   .   t - +2 leather armour {rF+}
rPois   ∞          Reflect  .   n - +2 helmet {SInv}
rElec   .          Harm     .   (no cloak)
rCorr   +          Rampage  .   (no gloves)
Will    +....                   (boots unavailable)
Stlth   +++.......              (no amulet)
HPRegen 0.20/turn               k - ring of willpower
MPRegen 0.00/turn               b - ring of resist corrosion

@: marked, flying
A: sickness immunity, fire resistance 2, cold vulnerability 1, float, innate
caster, hp casting, extra vitality 1
a: Renounce Religion


You were on level 7 of the Dungeon.
You worshipped Makhleb.
Makhleb was aware of your devotion.
You visited 1 branch of the dungeon, and saw 7 of its levels.

You collected 252 gold pieces.

Inventory:

Hand Weapons
 d - a +0 dagger
 f - a +0 hunting sling
 m - a +3 dagger (weapon)
 p - a +3 whip
Missiles
 c - 23 sling bullets
 j - 25 poisoned darts
 s - 175 stones
Armour
 a - a +0 robe
 e - a +0 buckler
 i - a +0 ring mail
 n - a +2 helmet of see invisible (worn)
 r - a +0 leather armour
 t - a +2 leather armour of fire resistance (worn)
Jewellery
 b - a ring of resist corrosion (right hand)
 k - a ring of willpower (left hand)
Scrolls
 l - a scroll of fog {unknown}
 o - a scroll of vulnerability {unknown}
 q - a scroll of torment {unknown}
 Z - 3 scrolls of identify
Potions
 g - a potion of attraction {unknown}
 h - a potion of flight {unknown}
 J - a potion of curing
 M - 4 potions of might
 N - 2 potions of heal wounds


   Skills:
 + Level 5.5 Fighting
 + Level 6.4 Dodging
 + Level 5.3 Stealth
 + Level 3.9 Shields
 + Level 4.9 Spellcasting
 + Level 3.1 Invocations


You couldn't memorise any spells.
You knew the following spells:

 Your Spells              Type           Power      Damage    Failure   Level
a - Foxfire               Conj/Fire      84%        2x1d8     2%          1
b - Scorch                Fire           42%        2d7       4%          2
c - Conjure Flame         Conj/Fire      21%        6-21      8%          3
d - Inner Flame           Hex/Fire       21%        N/A       8%          3
e - Flame Wave            Conj/Fire      21%        3d6       26%         4
f - Freeze                Ice            84%        1d10      2%          1
g - Blink                 Tloc           42%        N/A       4%          2
h - Summon Guardian Gole  Hex/Summ       21%        N/A       8%          3
i - Hailstorm             Conj/Ice       21%        3d6       26%         4
Your spell library was empty.

Dungeon Overview and Level Annotations

Branches:
Dungeon (7/15)             Temple (0/1) D:6

Altars:
Ashenzari
Cheibriados
Kikubaaqudgha
Makhleb
Wu Jian
Xom

Shops:
D:2 [[(

Annotations:
D:4 exclusion: door
D:5 2 runed translucent doors, Atlas's ghost, novice DjEE; Menkaure
D:6 5 runed translucent doors


Innate Abilities, Weirdness & Mutations

You are immune to sickness and miasma.
You are immune to poison.
Your flesh is very heat resistant. (rF++)
You are vulnerable to cold. (rC-)
You float through the air rather than walking.
You learn spells naturally, not from books.
Your magical power is your life essence.
You have superior vitality. (+4 HP)


Message History

Okay, then.
Unknown command.
Press: ? - help, v - describe, . - travel
Here: a hornet (ally target)
The floor.
Casting: Summon Guardian Golem (dangerous; 8% risk of failure)
Confirm with . or Enter, or press ? or * to list all spells.
Okay, then.
Unknown command.
Casting: Summon Guardian Golem (dangerous; 8% risk of failure)
Confirm with . or Enter, or press ? or * to list all spells.
Okay, then.
Unknown command.
Casting: Summon Guardian Golem (dangerous; 8% risk of failure)
Confirm with . or Enter, or press ? or * to list all spells.
Flames lash the hornet.
The hornet is moderately wounded.
The hornet's fire resistance burns away.
* * * LOW HITPOINT WARNING * * *
The hornet stings you!
* * * LOW HITPOINT WARNING * * *
Casting: Scorch (safe; 4% risk of failure)
Confirm with . or Enter, or press ? or * to list all spells.
Flames lash the hornet.
The hornet is burned terribly!
The hornet is heavily wounded.
* * * LOW HITPOINT WARNING * * *
The hornet stings you but does no damage.
The hornet barely misses you.
Casting: Scorch (safe; 4% risk of failure)
Confirm with . or Enter, or press ? or * to list all spells.
Okay, then.
Unknown command.
The hornet misses you.
The hornet stings you but does no damage.
An orc priest comes into view. It is wielding a +0 morningstar.
An orc comes into view. It is wielding a +0 short sword.
The hornet is no longer more vulnerable to fire.
A water moccasin comes into view.
The hornet stings you!
You die...

.#......##.#.##.....###
...........#.#.......#
........####)#.S.o...#
...........#)#.......#
...........#.#.......#
..####.....#.#.......#
..####.....#.#.......#
....###......##..o##.########
....# #.........@y.9.........
....###......#######.########
......#.#..#.# #.#
.<).[....###.# ###9#####
#...#.#......# #.......#
#####.##.##### #.#.###.#
.....(.#.# #.#.# #.#
#####.##.# #.#.# #.#####
#.##.# #.#.# #.....#


You could see a hornet (ally target), a water moccasin, an orc priest, an orc
and a friendly guardian golem (summoned).

Vanquished Creatures
  Edmund (D:5)
  A water moccasin (D:6)
  An orc warrior (D:7)
  2 black bears (D:6)
  2 necrophages
  A centaur (D:5)
  4 ogres
  A phantom (D:6)
  3 scorpions
  A wyvern skeleton (D:6)
  5 killer bees (D:4)
  2 howler monkeys
  A centaur zombie (D:6)
  A bullfrog zombie (D:5)
  A jelly (D:5)
  2 bullfrog skeletons (D:6)
  A hound (D:6)
  A centaur skeleton (D:7)
  4 orc priests
  3 iguanas
  4 orc wizards
  A killer bee zombie (D:5)
  A hound skeleton (D:5)
  A howler monkey skeleton (D:3)
  8 adders
  4 river rats (D:5)
  A white imp (D:5)
  An ufetubus (D:5)
  An adder zombie (D:5)
  A worm (D:4)
  4 dart slugs
  23 orcs
  4 ball pythons
  5 bats
  2 endoplasms
  3 giant cockroaches
  13 goblins
  7 hobgoblins
  13 jackals
  11 quokkas
  3 frilled lizards
  5 kobolds
  17 rats
171 creatures vanquished.

Vanquished Creatures (others)
  A human (D:6)
  121 foxfires
  A plant (D:2)
123 creatures vanquished.

Grand Total: 294 creatures vanquished

Notes
Turn   | Place    | Note
-------+----------+-------------------------------------------
     0 | D:1      | Twinkles the Djinni Fire Elementalist began the quest for
                  | the Orb.
     0 | D:1      | Reached XP level 1. HP: 15/15 MP: 0/0
   331 | D:1      | Reached XP level 2. HP: 20/22 MP: 0/0
   928 | D:1      | HP: 5/22 [jackal (3)]
  1216 | D:1      | Reached skill level 1 in Fighting
  1278 | D:1      | Reached XP level 3. HP: 26/27 MP: 0/0
  1278 | D:1      | Learned a level 1 spell: Freeze
  1984 | D:2      | Found Lepsu's Antique Armour Shop.
  2468 | D:2      | Reached XP level 4. HP: 30/32 MP: 0/0
  2607 | D:2      | Found Voxyaxa's Antique Weapon Emporium.
  2820 | D:2      | Found Jomy's Antique Armour Emporium.
  3043 | D:3      | Reached skill level 3 in Dodging
  3455 | D:3      | Found a faded altar of an unknown god.
  3492 | D:3      | Found an ornate altar of the Wu Jian Council.
  4067 | D:3      | Reached XP level 5. HP: 36/38 MP: 0/0
  4067 | D:3      | Learned a level 2 spell: Blink
  4697 | D:2      | HP: 7/38 [orc (8)]
  4699 | D:2      | HP: 1/38 [orc (4)]
  5401 | D:4      | Noticed a necrophage
  5414 | D:4      | Reached XP level 6. HP: 29/45 MP: 0/0
  5676 | D:4      | Reached skill level 4 in Dodging
  5677 | D:4      | Reached XP level 7. HP: 25/50 MP: 0/0
  5677 | D:4      | Learned a level 3 spell: Summon Guardian Golem
  6160 | D:4      | Found a snail-covered altar of Cheibriados.
  6994 | D:5      | Entered Level 5 of the Dungeon
  7005 | D:5      | Noticed Menkaure
  7081 | D:5      | Found a runed translucent door.
  7082 | D:5      | Noticed Atlas's ghost (novice DjEE)
  7280 | D:5      | Found a broken altar of Ashenzari.
  7296 | D:5      | Reached skill level 1 in Shields
  7296 | D:5      | Reached XP level 8. HP: 46/58 MP: 0/0
  7409 | D:5      | Reached skill level 5 in Dodging
  7639 | D:5      | Found a runed translucent door.
  8017 | D:5      | Found a burning altar of Makhleb.
  8042 | D:5      | Became a worshipper of Makhleb the Destroyer
  8750 | D:5      | Reached skill level 1 in Invocations
  8917 | D:5      | Noticed Edmund
  8927 | D:5      | Killed Edmund
  9382 | D:6      | Reached XP level 9. HP: 38/63 MP: 0/0
  9382 | D:6      | Learned a level 4 spell: Hailstorm
  9755 | D:6      | Found a runed translucent door.
 10007 | D:6      | Found a staircase to the Ecumenical Temple.
 10152 | D:6      | Found a runed translucent gate.
 10152 | D:6      | Found a runed translucent gate.
 10152 | D:6      | Found a runed translucent gate.
 10161 | D:6      | Found a runed translucent door.
 10170 | D:6      | Found the +9 staff of Olgreb {rPois∞}
 10299 | D:6      | Reached skill level 5 in Fighting
 10452 | D:6      | Reached skill level 6 in Dodging
 10456 | D:6      | Reached skill level 5 in Stealth
 10649 | D:6      | Reached * piety under Makhleb
 11589 | D:6      | Found a shimmering altar of Xom.
 11678 | D:7      | Upgraded the game from 0.28-a0-883-gc8d7bad45d to
                  | 0.28-a0-895-g6e5f11bd55
 12259 | D:7      | Noticed a hornet
 12269 | D:7      | HP: 17/65 [hornet (1)]
 12272 | D:7      | HP: 7/65 [hornet (8)]
 12279 | D:7      | Slain by a hornet

Illustrated notes

Levels and vault maps discovered:
D:1:      mrwooster_arrival_arrow, layout_basic, serial_forest,
          infiniplex_forest_lined_3_way, infiniplex_forest_lined_room_,
          infiniplex_forest_lined_room_3, infiniplex_forest_clump_double,
          infiniplex_forest_corner_2
D:2:      layout_rooms, serial_shops, nicolae_shop_overgrown_old_shop,
          nicolae_shop_competitors_out_of_business, shop
D:3:      layout_loops_corners, pdpol_wu_jian_five_deadly_venoms,
          basic_ecumenical_altar, kennysheep_path_1, minmay_shallow_snake_nest
D:4:      layout_loops_ring, cheibriados_altar_1, gup_sewer_entry_glass
D:5:      lemuel_ratsnest, layout_loops_cross, ashenzari_altar_1,
          bloody_makhleb, ebering_ghost_sewer_f, uniq_menkaure, uniq_edmund
D:6:      layout_layer_cave, lemuel_coloured_pillars_altar, tgw_kikubaaqudgha,
          temple_doors_e, st_stairs_7, grunt_decor_clamped,
          minmay_guarded_unrand_staff_of_olgreb
D:7:      layout_basic

Skill      XL: |  1  2  3  4  5  6  7  8  9 |
---------------+----------------------------+-----
Fighting       | 1 2 3 4 5 |  5.5
Stealth        | 2 3 4 5 |  5.3
Dodging        | 3 4 5 6 |  6.4
Spellcasting   | 3 4 |  4.9
Shields        | 1 2 3 |  3.9
Invocations    | 1 3 |  3.1

Action                   |  1- 3 |  4- 6 |  7- 9 || total
-------------------------+-------+-------+-------++-------
Melee: Dagger            |    24 |    13 |    25 ||    62
 Cast: Foxfire           |    27 |    11 |    32 ||    70
       Scorch            |    15 |    38 |   141 ||   194
       Freeze            |       |    46 |     8 ||    54
       Blink             |       |     1 |     2 ||     3
       Inner Flame       |       |     1 |    10 ||    11
       Conjure Flame     |       |       |     7 ||     7
       Summon Guardian G |       |       |     4 ||     4
  Use: Scroll            |       |     2 |     2 ||     4
 Stab: Sleeping          |     1 |     5 |     5 ||    11
Armor: Robe              |    14 |    15 |    21 ||    50
       Ring mail         |       |       |     1 ||     1
       Leather armour    |       |       |     2 ||     2
Dodge: Dodged            |    21 |    64 |    69 ||   154

Table legend: (Time is in decaauts)
 A = Elapsed time spent in this place.
 B = Non-inter-level travel time spent in this place.
 C = Inter-level travel time spent in this place.
 D = Time resting spent in this place.
 E = Time spent auto-exploring this place.
 F = Levels seen in this place.
 G = Mean time per level.
                   A        B        C        D        E       F      G
               +--------+--------+--------+--------+--------+-----+--------+
         Total |  12297 |  11578 |    719 |   2192 |   7448 |   7 | 1756.7 |
       Dungeon |  12297 |  11578 |    719 |   2192 |   7448 |   7 | 1756.7 |
               +--------+--------+--------+--------+--------+-----+--------+

Top non-repeatable levels by time:
     D:5: 2894 daAuts
     D:3: 2202 daAuts
     D:1: 1996 daAuts
     D:6: 1949 daAuts
     D:2: 1526 daAuts
     D:4: 1280 daAuts
     D:7: 447 daAuts
